Map: Thunderbird LE

Players

Lorewalker

  • Race: Terran Terran
  • League: Master
  • Spawn Location: 11:00

Mez - Winner!

  • Race: Terran Terran
  • League: Master
  • Spawn Location: 5:00

VOD

Have the link to the VOD?

Description

Time

  • Played on: July 28, 2019, 6:10 p.m.
  • Length: 11:35
Show
View Real Time Build Order
Export as new Build Order

Lorewalker Terran 

Build Orders:  

Get SALT Encoding   

  12  0:00  SCV  
  13  0:12  SCV  
  14  0:17  Supply Depot  
  14  0:24  SCV  
  14  0:27  Refinery  
  15  0:39  SCV  
  16  0:45  Barracks  
  16  0:51  SCV  
  17  0:58  Refinery  
  17  1:03  SCV  
  18  1:15  SCV  
  19  1:31  Orbital Command  
  19  1:32  Reaper  
  20  1:35  Factory  
  20  1:46  Supply Depot  
  20  1:57  SCV  
  21  2:04  Reaper  
  22  2:09  SCV  
  23  2:18  Hellion  
  23  2:21  SCV  
  26  2:25  Command Center  
  26  2:35  Supply Depot  
  26  2:37  SCV  
  26  2:38  Reaper  
  26  2:43  Hellion  
  30  2:49  SCV  
  31  2:55  Starport  
  31  3:01  SCV  
  32  3:08  Factory Tech Lab  
  32  3:13  SCV  
  32  3:15  Barracks Reactor  
  33  3:26  SCV  
  34  3:28  Cyclone  
  34  3:33  Starport Reactor  
  37  3:39  Barracks  
  37  3:40  Barracks  
  37  3:42  Orbital Command  
  37  3:52  SCV  
  37  3:57  Marine x2  
  39  4:06  SCV  
  40  4:10  SCV  
  41  4:19  SCV  
  41  4:22  Viking, Siege Tank, SCV, Marine x2  
  49  4:31  SCV  
  50  4:33  Supply Depot  
  50  4:34  SCV  
  50  4:37  Barracks Tech Lab  
  51  4:43  SCV, Marine x2  
  51  4:45  Barracks Tech Lab  
  49  4:46  SCV  
  50  4:55  SCV  
  50  4:56  Stimpack, Marine  
  50  4:58  SCV  
  53  5:03  Marine  
  53  5:04  Combat Shield  
  54  5:10  Marine x2  
  56  5:18  Marine  
  56  5:19  Siege Tank  
  56  5:20  SCV  
  56  5:21  Marine  
  61  5:23  Supply Depot  
  61  5:24  Supply Depot  
  61  5:26  Refinery  
  62  5:29  Refinery, Command Center  
  62  5:44  Marine x3  
  62  5:45  Viking x2, SCV  
  62  5:46  SCV, Marine  
  72  5:57  SCV  
  72  5:59  Supply Depot  
  72  6:00  SCV, Supply Depot  
  74  6:05  Engineering Bay  
  74  6:07  Engineering Bay  
  74  6:08  Marine  
  74  6:09  SCV, Marine x2  
  78  6:20  Marine  
  78  6:23  Siege Tank  
  78  6:24  Medivac x2  
  86  6:26  Marine x2  
  86  6:27  SCV x2  
  86  6:30  Supply Depot  
  90  6:37  Terran Infantry Weapons Level 1  
  90  6:39  Terran Infantry Armor Level 1  
  87  6:43  SCV x2  
  87  6:46  Orbital Command  
  89  6:56  SCV x2  
  89  6:57  Marine  
  89  6:58  Marine x3  
  89  6:59  Siege Tank  
  92  7:15  Marine  
  92  7:22  Marine x3  
  92  7:23  Viking x2  
  96  7:31  Siege Tank  
  96  7:33  Marine  
  100  7:39  Marine  
  100  7:40  SCV x2, Marine x2  
  105  7:44  Armory, Barracks x2  
  105  7:45  Orbital Command  
  105  7:49  Factory  
  105  7:53  Viking  
  105  7:54  Supply Depot  
  107  8:00  Medivac  
  109  8:08  Marine x4  
  109  8:09  Siege Tank  
  116  8:13  SCV  
  116  8:16  SCV x2  
  116  8:17  Supply Depot x2  
  119  8:26  Marine x3  
  87  8:39  Marine  
  85  8:41  Barracks Reactor  
  85  8:42  Barracks Reactor, Factory Tech Lab  
  85  8:43  Viking x2, Siege Tank  
  85  8:46  SCV x2  
  85  8:47  Refinery, SCV  
  85  8:48  Refinery  
  94  8:57  Marine x3  
  94  8:58  SCV  
  98  9:04  Command Center  
  98  9:12  Terran Infantry Armor Level 2, Terran Infantry Weapons Level 2  
  98  9:13  Marine  
  98  9:15  Marine  
  100  9:18  Marine x6  
  100  9:20  Siege Tank  
  100  9:22  SCV  
  110  9:27  Supply Depot  
  110  9:28  Supply Depot  
  110  9:31  Marine  
  110  9:32  Siege Tank  
  110  9:33  Marine  
  115  9:40  Marine x3  
  115  9:41  Marine x2  
  114  9:57  Marine x3  
  114  10:00  Siege Tank, Marine  
  114  10:01  Marine x2  
  119  10:18  Marine x2  
  119  10:20  Siege Tank  
  105  10:32  Siege Tank  
  105  10:34  Marine x6  
  105  10:35  Viking x2  
  116  10:38  SCV x2  
  120  10:45  SCV  
  121  10:50  SCV x2  
  121  10:54  Marine x5  
  121  10:55  Marine x3  
  121  10:56  Siege Tank, Supply Depot  
  134  10:57  Supply Depot  
  136  11:11  Marine  
Show
View Real Time Build Order
Export as new Build Order

Mez Terran - Winner!

Build Orders: Reaper Expand 

Get SALT Encoding   

  12  0:00  SCV  
  13  0:13  SCV  
  14  0:18  Supply Depot  
  14  0:25  SCV  
  15  0:39  SCV  
  15  0:40  Barracks  
  16  0:47  Refinery  
  16  0:52  SCV  
  17  1:04  SCV  
  18  1:16  SCV  
  19  1:29  Reaper, Orbital Command  
  20  1:41  Command Center  
  20  1:54  Barracks  
  20  1:55  SCV  
  21  2:03  Barracks Reactor  
  21  2:09  Barracks  
  21  2:11  SCV  
  22  2:19  Supply Depot  
  22  2:23  SCV  
  23  2:41  SCV  
  23  2:43  Barracks Tech Lab  
  24  2:48  Marine x2  
  26  2:53  SCV, Orbital Command  
  26  2:57  Marine  
  28  3:02  Stimpack, Marine  
  28  3:05  SCV  
  30  3:06  Marine x2  
  32  3:16  Marine  
  32  3:17  SCV  
  32  3:18  Supply Depot  
  34  3:20  Marine  
  34  3:22  SCV  
  34  3:26  Marine x2  
  38  3:29  SCV  
  39  3:34  SCV  
  39  3:36  Marine  
  39  3:40  Engineering Bay  
  40  3:41  SCV  
  40  3:46  SCV  
  40  3:53  SCV  
  39  3:57  Marine x3  
  39  3:58  Marine  
  42  4:08  SCV x2  
  44  4:13  Terran Infantry Weapons Level 1  
  44  4:15  Marine x3  
  44  4:16  Command Center  
  44  4:18  Factory, Refinery  
  44  4:23  Marine  
  39  4:33  Marine  
  39  4:35  Marine x2  
  39  4:36  SCV x2  
  42  4:43  Marine  
  42  4:50  Refinery  
  42  4:51  SCV x2, Marine  
  45  4:57  Marine x2  
  45  4:59  Supply Depot  
  47  5:03  Starport  
  47  5:04  Factory Reactor  
  47  5:06  SCV x2  
  49  5:09  Marine x2  
  51  5:15  Combat Shield, Marine  
  51  5:18  SCV x2  
  51  5:20  Marine  
  55  5:27  Marine x2  
  57  5:29  Orbital Command  
  57  5:30  SCV x2  
  59  5:35  Marine  
  59  5:38  Marine  
  59  5:42  SCV x2  
  63  5:44  Marine  
  63  5:45  Orbital Command  
  63  5:47  Medivac x2  
  68  5:52  Marine  
  68  5:54  SCV x2  
  68  5:55  Supply Depot  
  68  5:56  Supply Depot  
  71  6:02  Barracks Reactor  
  71  6:03  Marine x2  
  73  6:06  SCV x2  
  73  6:09  Terran Infantry Armor Level 1, Barracks  
  73  6:10  Marine  
  73  6:11  SCV, Barracks  
  77  6:22  SCV x2  
  79  6:28  Marine x3, Supply Depot  
  79  6:29  SCV  
  79  6:30  Supply Depot  
  83  6:34  SCV x2  
  85  6:42  SCV  
  85  6:43  Marine  
  85  6:44  Marine  
  85  6:45  Marine  
  85  6:46  SCV, Marine  
  91  6:47  Medivac  
  91  6:50  SCV, Medivac  
  91  6:53  Armory  
  91  6:54  Engineering Bay, SCV  
  96  6:56  Supply Depot  
  96  6:58  SCV  
  98  7:01  Supply Depot  
  98  7:02  SCV  
  98  7:20  Marine x3  
  98  7:21  Barracks Reactor  
  98  7:22  Barracks Reactor  
  98  7:30  Marine  
  98  7:31  SCV, Medivac x2  
  98  7:32  SCV x2  
  98  7:36  Command Center  
  106  7:41  Marine x3  
  106  7:43  Marine  
  106  7:44  SCV x3  
  111  7:48  Marine, Terran Infantry Weapons Level 2  
  111  7:50  Supply Depot x2  
  112  7:56  SCV  
  112  7:57  Barracks  
  112  7:58  Marine, Barracks  
  113  7:59  Marine x3  
  113  8:00  Marine x3, Barracks  
  113  8:01  Marine  
  113  8:02  Medivac  
  125  8:09  Refinery  
  125  8:12  Refinery, Terran Infantry Armor Level 2, SCV x2  
  125  8:15  Supply Depot  
  125  8:17  Supply Depot  
  92  8:29  Marine  
  92  8:31  Marine x7, Medivac  
  90  8:39  Marine  
  89  8:44  Concussive Shells  
  89  8:46  Barracks Tech Lab  
  89  8:47  Barracks Reactor, Marine, Barracks Tech Lab  
  90  8:48  Marine  
  90  8:49  Marine x3  
  94  8:57  Medivac  
  94  8:59  SCV x3  
  94  9:01  Medivac  
  101  9:07  Marine x7, Marauder x3  
  101  9:08  Marine  
  115  9:19  SCV x3  
  118  9:25  Marine x4  
  118  9:27  Command Center, Medivac  
  118  9:29  Marauder x3  
  130  9:35  Marine x4  
  130  9:36  Marine  
  135  9:50  Marine x5, Marauder x3  
  144  9:53  Marine x5  
  146  10:04  Command Center  
  146  10:05  Command Center  
  146  10:07  Marine  
  146  10:08  Marine  
  146  10:13  Medivac x2  
  142  10:20  Marine x10  
  145  10:28  Marine x2, Marauder  
  149  10:38  Marauder  
  151  10:58  Marine  
  151  10:59  Marine x7, Marauder x2  
Tags
 
Add a new tag
Caveats
  • Supply blocks, unpowered buildings, or Contaminate may cause inaccurate times.
  • Supply counts are checked every 10 seconds.